AoeStats
← EMPEROR98265292

Fortress

508178157Analyzed
2v2 RM · 12d ago on Sep 21, 2026· 58m 47s· 4 players
Game mode
Random Map
Map size
Normal (6 player)
Population
200
Speed
Normal
Resources
Standard
Victory
Conquest
Starting age
Dark Age
Ending age
Imperial Age
RankedLock teamsTeams togetherTeam positionsShared explorationLock speedFull tech treeHidden civsTurbo modeCheats
Victory
Defeat
🇮🇳 Mongols · India
1510
+15
🇮🇳 Mapuche · India
1475
+16
🇦🇺 Mongols · Australia
1646
-22
🇫🇷 Aztecs · France
1306
-9
EMPEROR98265292
7:20 Feudal Age
11:35 Castle Age
9:57 Horse Collar
10:04 Double-Bit Axe
11:22 Wheelbarrow
13:28 Loom
14:51 Bow Saw
20:43 Forging
20:46 Devotion
23:11 Fletching
24:44 Iron Casting
24:44 Hand Cart
24:21 Gold Mining
24:22 Stone Mining
27:26 Bodkin Arrow
27:44 Elite Skirmisher
34:54 Imperial Age
33:22 Malon
34:19 Ballistics
34:19 Padded Archer Armor
35:56 Conscription
36:40 Leather Archer Armor
42:22 Heavy Plow
42:57 Gold Shaft Mining
42:58 Stone Shaft Mining
46:04 Crop Rotation
46:08 Coinage
47:05 Butalmapu
48:07 Ring Archer Armor
48:38 Blast Furnace
55:06 Chemistry
Sanskari Ladka
6:59 Feudal Age
10:42 Castle Age
9:25 Double-Bit Axe
9:21 Horse Collar
16:57 Loom
17:52 Bow Saw
17:56 Heavy Plow
18:56 Stone Mining
20:04 Wheelbarrow
21:31 Gold Mining
22:16 Stone Shaft Mining
22:47 Hand Cart
26:00 Imperial Age
23:49 Fletching
24:41 Bodkin Arrow
24:46 Padded Archer Armor
26:17 Thumb Ring
27:23 Bloodlines
27:14 Husbandry
27:16 Bracer
27:32 Leather Archer Armor
27:46 Ballistics
28:31 Chemistry
28:44 Elite Mangudai
30:15 Light Cavalry
31:01 Scale Barding Armor
31:07 Forging
31:08 Hussar
32:10 Chain Barding Armor
34:22 Iron Casting
46:51 Fortified Wall
57:13 Caravan
El_diouf
8:09 Feudal Age
12:21 Castle Age
10:53 Double-Bit Axe
10:51 Horse Collar
11:10 Gold Mining
13:58 Fervor
14:18 Sanctity
16:23 Forging
16:13 Scale Mail Armor
16:52 Loom
17:37 Redemption
20:32 Iron Casting
23:16 Devotion
24:32 Wheelbarrow
29:27 Imperial Age
27:36 Wheelbarrow
27:24 Fletching
27:34 Padded Archer Armor
28:33 Bodkin Arrow
29:12 Chain Mail Armor
29:03 Atonement
30:49 Illumination
30:40 Block Printing
30:51 Conscription
30:37 Bracer
31:07 Heavy Plow
31:26 Hand Cart
30:52 Pikeman
31:32 Squires
31:18 Arson
31:43 Gambesons
32:04 Eagle Warrior
35:04 Blast Furnace
35:47 Town Watch
35:51 Elite Skirmisher
36:48 Leather Archer Armor
37:04 Plate Mail Armor
36:08 Capped Ram
37:42 Atlatl
39:02 Caravan
39:36 Ballistics
41:56 Chemistry
52:15 Elite Eagle Warrior
55:36 Bow Saw
56:46 Crop Rotation
57:54 Garland Wars
cardinals
7:29 Feudal Age
11:09 Castle Age
9:33 Double-Bit Axe
9:31 Horse Collar
12:01 Bow Saw
18:08 Wheelbarrow
18:42 Heavy Plow
20:18 Hand Cart
24:51 Imperial Age
22:07 Loom
23:05 Fletching
23:29 Gold Mining
23:48 Bodkin Arrow
24:00 Stone Mining
24:36 Husbandry
24:48 Bloodlines
24:56 Padded Archer Armor
25:38 Bracer
26:03 Ballistics
26:49 Chemistry
26:20 Leather Archer Armor
26:07 Town Watch
27:09 Thumb Ring
27:31 Parthian Tactics
27:31 Conscription
28:50 Elite Mangudai
33:11 Hoardings
33:06 Fortified Wall
33:32 Nomads
35:40 Masonry
39:40 Siege Engineers
46:52 Drill
46:00 Capped Ram
46:51 Siege Ram
50:37 Caravan
56:58 Scale Barding Armor
57:05 Forging
57:45 Light Cavalry
Connection lost

Rejoining the realm…

Still unreachable

The connection could not be restored.

Session expired

The server has moved on; the page needs a fresh start.